 Dungeon Crawl Stone Soup version 0.20-a0-1116-gaa52201 (webtiles) character file.

6393 Lochraine the Slicer (level 11, -9/68 HPs)
             Began as a Kobold Arcane Marksman on May 7, 2017.
             Was an Elder of Okawaru.
             Killed from afar by nubinia's ghost (28 damage)
             ... with an orb of energy
             ... on level 9 of the Dungeon.
             The game lasted 00:25:09 (10582 turns).

Lochraine the Slicer (Kobold Arcane Marksman)      Turns: 10582, Time: 00:25:10

Health: -9/68      AC: 13    Str:  8    XL:     11   Next: 17%
Magic:  13/13      EV: 17    Int: 16    God:    Okawaru [****..]
Gold:   362        SH:  0    Dex: 17    Spells: 11/12 levels left

rFire    . . .     SeeInvis .   a - +1 hand crossbow
rCold    + . .     Gourm    .   (shield restricted)
rNeg     + . .     Faith    .   t - +3 ring mail of the Hidden Vale {rC+ rN+}
rPois    +         Spirit   .   y - +0 helmet
rElec    .         Reflect  .   s - +1 cloak
rCorr    .         Harm     .   x - +0 pair of gloves
MR       .....                  J - +0 pair of boots
Stlth    +++++.....             (no amulet)
Regen    0.3/turn               u - ring of stealth
MPRegen  0.2/turn               m - ring of poison resistance

@: no status effects
A: carnivore 3
a: Heroism, Renounce Religion


You were on level 9 of the Dungeon.
You worshipped Okawaru.
Okawaru was greatly pleased with you.
You were very full.

You visited 2 branches of the dungeon, and saw 10 of its levels.

You collected 362 gold pieces.

Inventory:

Hand Weapons
 a - a +1 hand crossbow (weapon)
 b - a +4 rapier
 F - a +1 dagger of venom
 N - a +3 scimitar of flaming
Missiles
 n - 28 bolts (quivered)
Armour
 s - a +1 cloak (worn)
 t - the +3 ring mail of the Hidden Vale (worn) {rC+ rN+}
   (You found it on level 4 of the Dungeon)

   It protects you from cold.
   It protects you from negative energy.
 x - a +0 pair of gloves (worn)
 y - a +0 helmet (worn)
 z - a cursed -1 chain mail
 J - a +0 pair of boots (worn)
Jewellery
 m - a ring of poison resistance (right hand)
 u - a ring of stealth (left hand)
 G - an uncursed ring of magical power
 O - an uncursed ring of flight
Wands
 e - a wand of random effects (32/48)
 j - a wand of digging (18/24)
 D - a wand of confusion (42/48)
 I - a wand of iceblast (7/15)
Scrolls
 g - 6 scrolls of remove curse
 i - a scroll of recharging
 k - 5 scrolls of teleportation
 p - a scroll of enchant weapon
 r - a scroll of identify
 v - 3 scrolls of magic mapping
 B - a scroll of immolation
 C - a scroll of amnesia
 H - a scroll of blinking
 M - a scroll of enchant armour {unknown}
Potions
 d - 5 potions of mutation
 h - 7 potions of heal wounds
 l - 2 potions of magic
 q - 5 potions of curing
 w - a potion of invisibility {unknown}
 A - 2 potions of flight
 K - a potion of might {unknown}
 L - a potion of haste
Books
 c - a book of Debilitation

   Spells                             Type                      Level
   a - Corona                         Hexes                        1
   b - Slow                           Hexes                        2
   c - Inner Flame                    Hexes/Fire                   3
   d - Portal Projectile              Hexes/Translocation          3
   e - Cause Fear                     Hexes                        4
   f - Leda's Liquefaction            Hexes/Earth                  4
 E - a book of Changes

   Spells                             Type                      Level
   a - Beastly Appendage              Transmutation                1
   b - Sticks to Snakes               Transmutation                2
   c - Spider Form                    Transmutation/Poison         3
   d - Ice Form                       Ice/Transmutation            4
   e - Blade Hands                    Transmutation                5
 P - a book of Battle

   Spells                             Type                      Level
   a - Infusion                       Charms                       1
   b - Shroud of Golubria             Charms/Translocation         2
   c - Song of Slaying                Charms                       2
   d - Spectral Weapon                Hexes/Charms                 3
   e - Regeneration                   Charms/Necromancy            3
 Q - a book of Air

   Spells                             Type                      Level
   a - Shock                          Conjuration/Air              1
   b - Swiftness                      Charms/Air                   2
   c - Static Discharge               Conjuration/Air              3
   d - Airstrike                      Air                          4
   e - Lightning Bolt                 Conjuration/Air              5
Comestibles
 f - 7 meat rations
 o - 5 royal jellies


   Skills:
 + Level 7.7 Fighting
 * Level 10.5 Short Blades
 + Level 8.5 Crossbows
 + Level 8.5 Dodging
 + Level 9.2 Stealth
 - Level 1.1 Spellcasting
 - Level 3.0 Hexes
 - Level 3.7 Invocations


You had 11 spell levels left.
You knew the following spells:

 Your Spells              Type           Power        Failure   Level  Hunger
a - Corona                Hex            ##.....      21%         1    ##.....


Dungeon Overview and Level Annotations

Branches:
Dungeon (9/15)             Temple (1/1) D:4
   Lair: D:8-11         Orc: D:9-12

Altars:
Ashenzari
Cheibriados
Elyvilon
Fedhas
Gozag
Hepliaklqana
Kikubaaqudgha
Nemelex Xobeh
Okawaru
Ru
Sif Muna
Trog
Uskayaw
Vehumet
Wu Jian
Xom
Yredelemnul
Zin
The Shining One

Annotations:
D:5 1 runed door
D:9 nubinia's ghost, journeyman GrIE


Innate Abilities, Weirdness & Mutations

You are small and have problems with some larger weapons.
You are carnivorous and can eat meat at any time.


Message History

Press: ? - help, v - describe, . - travel
Here: a troll The floor.
You feel much better. The troll bites you!
* * * LOW HITPOINT WARNING * * *
The troll claws you but does no damage. x2
Evoke which item? (* to show all) (? for menu, Esc to quit)
Okay, then.
Nubinia's ghost (journeyman Gargoyle Ice Elementalist) comes into view.
It is wielding a weapon of draining.
The leopard gecko zombie completely misses you.
Nubinia's ghost gestures at you while chanting.
The puff of frost hits you! You resist.
* * * LOW HITPOINT WARNING * * *
You see here 2 bolts.
You see here a bolt.
You see here a killer bee corpse.
Nubinia's ghost casts a spell at you.
The orb of energy misses the leopard gecko zombie.
The orb of energy hits you!
You die...

#..# .# ..# #..#
#.# ...#
#..####.##...##...
#............##...
(.. #.#
#........#...##...
../. #.#
#.####...#...##...
(...###.# #.#
#...#...##...
Zy......# #.#
#...#...##...
y(....# #@#
#...#...##...
....# #Z#
#..>#...##... #..#
#.# #...#........
#..###W#
#...#........
#.(..(T#
#...#........
.........##.....(#
#...#...##...
.........##(....(#
#...#...##...
.........##....(.#
#...#...##...
.........##(.....#
#.......##...


You could see a troll, nubinia's ghost and a leopard gecko zombie.

Vanquished Creatures
  Erica (D:8)
  3 two-headed ogres (D:8)
  Pikel (D:8)
  A hippogriff (D:8)
  Sigmund (D:4)
  2 sky beasts (D:6)
  A necrophage (D:6)
  4 ogres
  8 centaurs
  2 bullfrogs (D:8)
  A scorpion (D:8)
  5 killer bees (D:9)
  A howler monkey (D:5)
  8 crimson imps
  A bullfrog zombie (D:7)
  2 jellies
  5 hounds
  7 orc wizards
  An iron imp (D:5)
  2 orc priests (D:6)
  A centaur skeleton (D:4)
  A bullfrog skeleton (D:7)
  Natasha (twice) (D:4)
  3 iguanas
  3 worker ants
  A hound skeleton (D:5)
  A worker ant zombie (D:7)
  Robin (D:2)
  4 gnolls (D:5)
  12 adders
  4 shadow imps
  2 oozes
  3 adder skeletons
  2 worms (D:2)
  5 leopard geckos
  12 orcs
  4 ball pythons
  8 bats
  6 giant cockroaches
  2 gnoll zombies (D:3)
  8 goblins
  9 hobgoblins
  6 jackals
  4 quokkas
  4 frilled lizards
  A goblin skeleton (D:5)
  4 hobgoblin zombies (D:5)
  A jackal skeleton (D:4)
  3 kobold zombies (D:5)
  An orc skeleton (D:5)
  3 orc zombies (D:5)
  A quokka skeleton (D:4)
  4 rats
183 creatures vanquished.

Vanquished Creatures (collateral kills)
  An ogre (D:7)
1 creature vanquished.

Vanquished Creatures (others)
  A slave (D:8)
1 creature vanquished.

Grand Total: 185 creatures vanquished

Notes
Turn   | Place    | Note
-------+----------+-------------------------------------------
     0 | D:1      | Lochraine the Kobold Arcane Marksman began the quest for the Orb.
     0 | D:1      | Reached XP level 1. HP: 12/12 MP: 2/2
    26 | D:1      | Reached XP level 2. HP: 12/16 MP: 3/3
   685 | D:1      | Reached XP level 3. HP: 21/21 MP: 4/4
   883 | D:2      | Reached skill level 1 in Stealth
  1413 | D:2      | Reached XP level 4. HP: 25/26 MP: 5/5
  1753 | D:2      | Noticed Robin
  2327 | D:2      | Found a sparkling altar of Nemelex Xobeh.
  2482 | D:2      | Killed Robin
  2652 | D:3      | Reached XP level 5. HP: 31/31 MP: 6/6
  3184 | D:3      | Found a basalt altar of Yredelemnul.
  3268 | D:4      | Found a staircase to the Ecumenical Temple.
  3297 | Temple   | Entered the Ecumenical Temple
  3521 | Temple   | Became a worshipper of Warmaster Okawaru
  3571 | D:4      | Noticed an ogre
  3604 | D:4      | Killed an ogre
  3604 | D:4      | Reached XP level 6. HP: 37/37 MP: 7/7
  4076 | D:4      | Noticed an ogre
  4081 | D:4      | Killed an ogre
  4081 | D:4      | Reached * piety under Okawaru
  4081 | D:4      | Reached skill level 5 in Dodging
  4081 | D:4      | Reached XP level 7. HP: 7/42 MP: 8/8
  4363 | D:4      | Found a glowing silver altar of Zin.
  4365 | D:4      | Found a hide-covered altar of Uskayaw.
  4381 | D:4      | Noticed Sigmund
  4525 | D:4      | Found a white marble altar of Elyvilon.
  4558 | D:4      | Killed Sigmund
  4558 | D:4      | Reached skill level 1 in Short Blades
  4558 | D:4      | Reached skill level 1 in Invocations
  4604 | D:4      | Noticed Natasha
  4612 | D:4      | Killed Natasha
  4612 | D:4      | Reached skill level 2 in Short Blades
  4612 | D:4      | Reached skill level 5 in Crossbows
  4696 | D:4      | Noticed Natasha
  4703 | D:4      | Killed Natasha
  4755 | D:4      | Reached XP level 8. HP: 47/48 MP: 9/9
  4769 | D:4      | Reached skill level 5 in Stealth
  4900 | D:4      | Got a transparent ring mail
  4911 | D:4      | Identified the +3 ring mail of the Hidden Vale {rC+ rN+} (You found it on level 4 of the Dungeon)
  4934 | D:5      | Entered Level 5 of the Dungeon
  5106 | D:5      | Found a runed door.
  5229 | D:5      | Reached skill level 3 in Short Blades
  5286 | D:5      | Found a glowing golden altar of the Shining One.
  5333 | D:5      | Got an ichor-stained hand axe
  5337 | D:5      | Identified the cursed +2 hand axe of World's End {flame, Fragile rC++ rN+++ Dex-2} (You found it on level 5 of the Dungeon)
  5522 | D:5      | Reached ** piety under Okawaru
  5564 | D:5      | Found an ornate altar of the Wu Jian Council.
  5572 | D:5      | Reached skill level 5 in Fighting
  5913 | D:6      | Found a glowing golden altar of the Shining One.
  5915 | D:6      | Reached skill level 4 in Short Blades
  6495 | D:6      | Reached skill level 5 in Short Blades
  6495 | D:6      | Reached XP level 9. HP: 33/54 MP: 10/10
  6738 | D:6      | Found Delyny Ehen's Book Emporium.
  6880 | D:6      | Reached *** piety under Okawaru
  7186 | D:6      | Received a gift from Okawaru
  7186 | D:6      | Reached skill level 6 in Short Blades
  7419 | D:6      | Found an ancient bone altar of Kikubaaqudgha.
  7433 | D:6      | Found a deep blue altar of Sif Muna.
  8596 | D:7      | Reached skill level 7 in Short Blades
  8792 | D:7      | Found a shattered altar of Ashenzari.
  8792 | D:7      | Found a hazy altar of Hepliaklqana.
  8823 | D:8      | Noticed a hippogriff
  8838 | D:8      | Killed a hippogriff
  9288 | D:8      | Noticed a two-headed ogre
  9616 | D:8      | Killed a two-headed ogre
  9616 | D:8      | Received a gift from Okawaru
  9616 | D:8      | Reached skill level 8 in Short Blades
  9616 | D:8      | Reached XP level 10. HP: 61/61 MP: 12/12
  9654 | D:8      | Noticed a two-headed ogre
  9656 | D:8      | Killed a two-headed ogre
  9656 | D:8      | Reached **** piety under Okawaru
  9656 | D:8      | Received a gift from Okawaru
  9656 | D:8      | Reached skill level 9 in Short Blades
  9704 | D:8      | Noticed Pikel
  9735 | D:8      | Killed Pikel
 10031 | D:8      | Noticed Erica
 10053 | D:8      | Killed Erica
 10091 | D:8      | Noticed a two-headed ogre
 10095 | D:8      | Killed a two-headed ogre
 10095 | D:8      | Reached skill level 10 in Short Blades
 10095 | D:8      | Reached XP level 11. HP: 52/67 MP: 13/13
 10574 | D:9      | Noticed nubinia's ghost (journeyman GrIE)
 10582 | D:9      | Killed from afar by nubinia's ghost

Vault maps used:
D:1:      doesnt_arrival_goblin_jail, kennysheep_decorative_pillar,
          serial_bayou_pond_e
D:2:      corexii_shack, nemelex_dance_club_becter, uniq_robin
D:3:      lemuel_zombie_altar_yredelemnul, uniq_terence
D:4:      kennysheep_mini, chequers_temple_overflow_statue_of_worship,
          minmay_temple_entry_glassed_door, first_bread, uniq_natasha,
          uniq_sigmund
D:5:      nicolae_tso_besieged_by_evil, basic_altar, uniq_crazy_yiuf_cottage
D:6:      led_sif_book, kennysheep_little_box, basic_altar, serial_shops,
          shop_fountains, minivault_1, grunt_ministairs_11,
          lightli_corner_chamber
D:7:      nicolae_overflow_hidden_temple, serial_co_window_serial,
          co_window_corner_a, co_window_corner_a, co_window_corner_a,
          co_window_corner_a, co_window_cross_1, co_window_broadway_c,
          co_window_2corner, co_window_unsneaky_path_d, co_window_4corner_b,
          co_window_paths_d, glass_columns_a
D:8:      uniq_erica, uniq_pikel
D:9:      nicolae_qazlal_eye_of_the_storm, bloody_makhleb, erik_lair_island,
          basic_altar
Temple:   dpeg_chambers_temple

Skill      XL: |  1  2  3  4  5  6  7  8  9 10 |
---------------+-------------------------------+-----
Dodging        | 3 4 5 6 7 8 |  8.5
Fighting       | 2 3 4 5 6 7 |  7.7
Stealth        | 1 2 3 4 5 7 9 |  9.2
Crossbows      | 3 4 5 7 8 |  8.5
Short Blades   | 2 5 8 10 | 10.5
Invocations    | 1 2 3 |  3.7
Spellcasting   | |  1.1
Hexes          | |  3.0

Action                   |  1- 3 |  4- 6 |  7- 9 | 10-12 || total
-------------------------+-------+-------+-------+-------++-------
Melee: Mace              |    54 |   147 |    23 |       ||   224
       Dagger            |       |       |   156 |     3 ||   159
       Hand axe          |       |       |    20 |       ||    20
       Punch             |       |       |     1 |       ||     1
       Rapier            |       |       |    86 |    22 ||   108
 Fire: Hand crossbow     |     6 |     5 |   219 |    89 ||   319
Invok: Heroism           |       |       |     3 |     2 ||     5
Evoke: Wand              |       |       |     5 |     2 ||     7
  Use: Potion            |       |     2 |     2 |     1 ||     5
       Scroll            |       |     2 |    14 |     1 ||    17
 Stab: Sleeping          |     4 |     8 |     8 |     2 ||    22
  Eat: Chunk             |     9 |     9 |    18 |     2 ||    38
Armor: Robe              |    13 |    14 |       |       ||    27
       Ring mail         |       |    35 |   116 |    26 ||   177
Dodge: Dodged            |    62 |   134 |   300 |    66 ||   562
